 Dungeon Crawl Stone Soup version 0.30-a0-852-g08b95dd62f (webtiles) character file.

Game seed: 11597188542918671262

2300 cforsyth the Thaumaturge (level 9, 0/45 HPs)
             Began as a Deep Elf Summoner on Mar 4, 2023.
             Killed from afar by a steam dragon (21 damage)
             ... with a ball of steam
             ... on level 7 of the Dungeon.
             The game lasted 00:14:18 (8349 turns).

cforsyth the Thaumaturge (Deep Elf Summoner)        Turns: 8349, Time: 00:14:19

Health: 0/45       AC:  4    Str:  5    XL:     9   Next: 17%
Magic:  17/25      EV: 12    Int: 25    God:
Gold:   129        SH:  0    Dex: 15    Spells: 15/28 levels left

rFire   . . .      SeeInvis .    (no weapon)
rCold   . . .      Faith    .    (no shield)
rNeg    . . .      Spirit   .    a - +0 robe
rPois   .          Reflect  .    w - +0 helmet
rElec   .          Rampage  .    (no cloak)
rCorr   .                        (no gloves)
Will    .....                    z - +0 pair of boots
Stlth   ++                       (no amulet)
HPRegen 0.27/turn                (no ring)
MPRegen 0.19/turn                (no ring)

@: no status effects
A: no striking features
a: no special abilities


You were on level 7 of the Dungeon.
You visited 1 branch of the dungeon, and saw 7 of its levels.

You collected 353 gold pieces.
You spent 224 gold pieces at shops.

Inventory:

Armour
 a - a +0 robe (worn)
 w - a +0 helmet (worn)
 z - a +0 pair of boots (worn)
Jewellery
 n - an amulet of magic regeneration
Wands
 l - a wand of iceblast (20)
 y - a wand of mindburst (18)
Scrolls
 e - 7 scrolls of teleportation {unknown}
 f - 2 scrolls of brand weapon {unknown}
 k - a scroll of vulnerability {unknown}
 m - 4 scrolls of identify {unknown}
 o - a scroll of summoning {unknown}
 p - 2 scrolls of fog {unknown}
 q - a scroll of amnesia {unknown}
 r - a scroll of noise {unknown}
 t - 2 scrolls of blinking {unknown}
 x - 3 scrolls of poison {unknown}
 A - a scroll of enchant weapon {unknown}
Potions
 b - 3 potions of magic
 c - 3 potions of flight {unknown}
 d - 2 potions of heal wounds {unknown}
 g - 4 potions of resistance
 h - 2 potions of curing {unknown}
 i - a potion of might {unknown}
 j - a potion of attraction {unknown}
 s - a potion of brilliance {unknown}
 u - a potion of mutation {unknown}
 v - a potion of cancellation {unknown}


   Skills:
 - Level 2.4 Dodging
 - Level 2.4 Stealth
 + Level 10.3 Spellcasting
 - Level 4.0 Hexes
 + Level 9.3 Summonings
 - Level 5.0 Air Magic


You had 15 spell levels left.
You knew the following spells:

 Your Spells              Type           Power      Damage    Failure   Level
a - Summon Small Mammal   Summ           100%       N/A       1%          1
b - Call Imp              Summ           56%        N/A       1%          2
c - Call Canine Familiar  Summ           56%        N/A       1%          3
d - Summon Guardian Gole  Hex/Summ       46%        N/A       1%          3
e - Summon Lightning Spi  Summ/Air       48%        N/A       2%          4

Your spell library contained the following spells:

 Spells                   Type           Power      Damage    Failure   Level
 Swiftness                Air            37%        N/A       1%          3
 Ensorcelled Hibernation  Hex/Ice        44%        N/A       3%          2
 Passwall                 Tmut/Erth      10%        N/A       8%          2


Dungeon Overview and Level Annotations

Branches:
Dungeon (7/15)
 Temple: D:4-7

Altars:
Ashenzari
Okawaru
Sif Muna
Yredelemnul
Zin

Shops:
D:4 *:?*!


Message History

The steam dragon breathes steam at you. The ball of steam misses you.
You swap places.
You are engulfed in a cloud of scalding steam.
Your warg is engulfed in a cloud of scalding steam.
Your warg is engulfed in a cloud of scalding steam. x2
The steam dragon breathes steam at you. The ball of steam hits your warg!
Your warg dies!
Your warg's corpse disappears in a puff of smoke!
Casting: Call Canine Familiar (safe; 1% risk of failure)
Confirm with . or Enter, or press ? or * to list all spells.
A guardian golem appears, shielding your allies.
What are your orders? t - Shout!
Orders for allies: a - Attack new target. r - Retreat! s - Stop attacking. g - Guard the area. f - Follow me.
Anything else - Cancel.
Gang up on whom?
Press: ? - help, Dir - move target, f - steam dragon
Aim: a steam dragon Attack!
The steam dragon breathes steam at you.
The ball of steam hits your guardian golem!
Your guardian golem resists.
The ball of steam hits you!!
Casting: Summon Guardian Golem (safe; 1% risk of failure)
Confirm with . or Enter, or press ? or * to list all spells.
An electric hum fills the air.
The steam dragon breathes steam at you. The ball of steam misses you.
You are engulfed in a cloud of scalding steam.
Casting: Summon Lightning Spire (dangerous; 2% risk of failure)
Confirm with . or Enter, or press ? or * to list all spells.
The steam dragon breathes steam at you.
The ball of steam hits your guardian golem!
Your guardian golem resists.
The ball of steam hits your warg! The ball of steam hits you!!
You die...

#..####.# #.# #.....#.#
#.# #.....#.# #.#
#.....#.# #.# #.....#.#
#.# #.....#.# #.#
##..###># .
######.#####......####..
###......@§§h.9D......§§D.
....###.###.###8########..
......†#.##.....# .
#######h######### #.# #.#
#.####### #<.......
#########


There were no monsters in sight!

Vanquished Creatures
  An adder (D:4)
  A giant cockroach (D:3)
  A kobold (D:1)
3 creatures vanquished.

Vanquished Creatures (collateral kills)
  Sigmund (D:5)
  An orc warrior (D:6)
  3 ice beasts
  A phantom (D:5)
  A bullfrog (D:6)
  2 scorpions
  2 wights (D:6)
  3 howler monkeys (D:7)
  2 electric eels (D:6)
  A jelly (D:5)
  5 hounds
  2 orc priests
  A sleepcap (D:6)
  4 iguanas
  4 orc wizards
  3 gnolls (D:6)
  6 adders
  A white imp (D:5)
  An ufetubus (D:6)
  2 worms (D:2)
  3 dart slugs
  21 orcs
  7 ball pythons
  6 bats
  8 endoplasms
  7 giant cockroaches
  12 goblins
  13 hobgoblins
  5 jackals
  A quokka (D:1)
  5 frilled lizards
  15 kobolds
  4 rats
153 creatures vanquished.

Vanquished Creatures (others)
  An orc warrior (D:6)
  An ogre (D:6)
  A kobold brigand (D:6)
  3 wights (D:6)
  2 orc wizards (D:6)
  An iguana (D:4)
  A gnoll (D:6)
  2 orcs (D:6)
  33 plants (D:6)
45 creatures vanquished.

Grand Total: 201 creatures vanquished

Notes
Turn   | Place    | Note
-------+----------+-------------------------------------------
     0 | D:1      | cforsyth the Deep Elf Summoner began the quest for the Orb.
     0 | D:1      | Reached XP level 1. HP: 10/10 MP: 6/6
   257 | D:1      | Reached XP level 2. HP: 15/15 MP: 5/8
   268 | D:1      | Learned a level 2 spell: Call Imp
   941 | D:1      | Reached skill level 4 in Spellcasting
  1105 | D:1      | Reached skill level 5 in Summonings
  1105 | D:1      | Reached XP level 3. HP: 11/19 MP: 7/10
  1227 | D:1      | Learned a level 3 spell: Call Canine Familiar
  2194 | D:2      | Reached XP level 4. HP: 24/24 MP: 5/12
  2943 | D:3      | Found a basalt altar of Yredelemnul.
  3015 | D:3      | Reached skill level 5 in Spellcasting
  3241 | D:3      | Noticed a scorpion
  3255 | D:3      | Learned a level 3 spell: Summon Guardian Golem
  3275 | D:3      | Killed a scorpion
  3276 | D:3      | Reached XP level 5. HP: 28/28 MP: 12/15
  3663 | D:3      | Reached skill level 6 in Spellcasting
  3868 | D:4      | Found Timeopsa's Assorted Antiques.
  3872 | D:4      | Bought a scroll labelled POULEGHO AKHOQ for 22 gold pieces
  3872 | D:4      | Bought a scroll labelled TAUREA JAES for 22 gold pieces
  3872 | D:4      | Bought an emerald potion for 19 gold pieces
  3915 | D:4      | Found Yffemyq's Book Shop.
  3933 | D:4      | Learned a level 4 spell: Summon Lightning Spire
  4048 | D:4      | Found Wytt's Assorted Antiques.
  4052 | D:4      | Found Imootif's Distillery.
  4082 | D:4      | Bought a scroll labelled ETATAEHONI for 33 gold pieces
  4082 | D:4      | Bought a scroll labelled HAXZUK OTESH for 33 gold pieces
  4082 | D:4      | Bought a scroll labelled WAOT FAFFYDYSE for 33 gold pieces
  4082 | D:4      | Bought a scroll labelled REBUJUWUNU for 33 gold pieces
  4082 | D:4      | Bought a golden potion for 29 gold pieces
  4348 | D:4      | Reached XP level 6. HP: 32/32 MP: 13/17
  4438 | D:4      | Found Okyir's Magic Scroll Emporium.
  4446 | D:4      | Reached skill level 1 in Hexes
  4868 | D:5      | Entered Level 5 of the Dungeon
  4956 | D:5      | Reached skill level 1 in Air Magic
  5067 | D:5      | Found an iron altar of Okawaru.
  5362 | D:5      | Reached XP level 7. HP: 36/36 MP: 10/19
  5442 | D:5      | Noticed Sigmund
  5446 | D:5      | Killed Sigmund
  5447 | D:5      | Reached skill level 7 in Spellcasting
  5847 | D:5      | Found a glowing silver altar of Zin.
  5914 | D:5      | Found a broken altar of Ashenzari.
  6485 | D:5      | Found a shimmering blue altar of Sif Muna.
  6798 | D:6      | Reached XP level 8. HP: 41/41 MP: 11/21
  6813 | D:6      | Reached skill level 8 in Spellcasting
  7021 | D:6      | Reached skill level 9 in Spellcasting
  7264 | D:6      | Reached skill level 5 in Air Magic
  7510 | D:6      | Reached XP level 9. HP: 45/45 MP: 22/24
  7653 | D:6      | Reached skill level 10 in Spellcasting
  8349 | D:7      | Killed from afar by a steam dragon

Illustrated notes

Levels and vault maps discovered:
D:1:      dpeg_arrival_stone_temple_mockup, layout_basic,
          serial_co_window_serial, co_window_paths_a, co_window_paths_a,
          co_window_paths_a, co_window_paths_b, co_window_of_opportunity_a,
          co_window_cross_1, co_window_corner_a, co_window_unsneaky_path_d,
          co_window_corner_ca, co_window_unsneaky_path_d, co_window_broadway_a,
          co_window_paths_d, glass_columns_a, glass_columns_a, glass_columns_a,
          grunt_decor_resistance, st_stairs_13, minmay_stone_trees_small
D:2:      layout_basic
D:3:      layout_loops_corners, mainiacjoe_overflow_24_doors,
          corexii_leaking_fountain, minmay_misc_feat_diagonals
D:4:      layout_loops_ring, serial_shops, nicolae_diamond_shop,
          nicolae_shop_hallway_stairs, shop_fountains, nicolae_shop_crystal,
          shop_statue, dreamdust_princess_bridge
D:5:      layout_layer_cave, kennysheep_orc_sif_temple, okawaru_gym_becter,
          mainiacjoe_overflow_divided_tiny, uniq_sigmund
D:6:      layout_rooms, serial_bayou, serial_bayou_crossing,
          serial_bayou_lake_a, serial_bayou_pond_b, serial_bayou_pond_d
D:7:      layout_loops_ring, old_standard_altar, elyvilon_altar_5,
          minmay_temple_entry_ruins

Skill      XL: |  1  2  3  4  5  6  7  8  9 |
---------------+----------------------------+-----
Spellcasting   | 4 5 6 7 9 10 | 10.3
Summonings     | 5 6 7 8 9 |  9.3
Hexes          | 2 4 |  4.0
Air Magic      | 1 3 5 |  5.0
Dodging        | |  2.4
Stealth        | |  2.4

Action                     |  1- 3 |  4- 6 |  7- 9 || total
---------------------------+-------+-------+-------++-------
  Melee: Unarmed           |    47 |    50 |     8 ||   105
         Punch             |       |     1 |       ||     1
   Cast: Summon Small Mamm |    42 |    25 |     6 ||    73
         Call Imp          |    14 |    11 |     2 ||    27
         Call Canine Famil |     6 |    17 |    19 ||    42
         Summon Guardian G |       |     3 |    23 ||    26
         Summon Lightning  |       |     3 |    20 ||    23
   Stab: Sleeping          |     1 |     2 |       ||     3
         Distracted        |       |     1 |       ||     1
 Armour: Robe              |    17 |    24 |     3 ||    44
  Dodge: Dodged            |    63 |    65 |    17 ||   145

Table legend: (Time is in decaauts)
 A = Elapsed time spent in this place.
 B = Non-inter-level travel time spent in this place.
 C = Inter-level travel time spent in this place.
 D = Time resting spent in this place.
 E = Time spent auto-exploring this place.
 F = Levels seen in this place.
 G = Mean time per level.
                   A        B        C        D        E       F      G
               +--------+--------+--------+--------+--------+-----+--------+
         Total |   8384 |   8162 |    222 |    737 |   5780 |   7 | 1197.7 |
       Dungeon |   8384 |   8162 |    222 |    737 |   5780 |   7 | 1197.7 |
               +--------+--------+--------+--------+--------+-----+--------+

Top non-repeatable levels by time:
     D:5: 1996 daAuts
     D:1: 1823 daAuts
     D:6: 1456 daAuts
     D:3: 1127 daAuts
     D:4: 999 daAuts
     D:2: 916 daAuts
     D:7: 64 daAuts
